[Event "IIFL Wealth  4th Mumbai Junior U-13"]
[Site "Mumbai"]
[Date "2019.01.06"]
[Round "8"]
[White "Gosrani, Reeyan"]
[Black "Sara Mody"]
[Result "1-0"]
[ECO "D02"]
[WhiteElo "1190"]
[BlackElo "1060"]
[Annotator "NA RC"]
[PlyCount "135"]
[EventDate "2018.12.30"]
[EventType "swiss"]
[EventCountry "IND"]
[SourceTitle "playchess.com"]
[Source "ChessBase"]
[SourceQuality "1"]
[TimeControl "40/5400+30:1800+30"]

1. d4 d5 2. Nf3 Nf6 3. Bf4 Bf5 4. e3 e6 5. Nbd2 Bd6 6. Ne5 O-O 7. h3 Nfd7 8. g4 Be4 9. Nxe4 dxe4 10. h4 Nxe5 11. dxe5 Be7 12. g5 Nc6 13. Bg2 Qd5 14. h5 Rad8 15. O-O Nb4 16. a3 Qxd1 17. Raxd1 Nd5 18. Bxe4 Nxf4 19. exf4 b6 20. Rd3 Rxd3 21. Bxd3 Rd8 22. Rd1 c5 23. b3 Rd4 24. b4 Rxf4 25. bxc5 Bxc5 26. Be2 Kf8 27. Bb5 Rd4 28. Ra1 Rd5 29. Kg2 Rxe5 30. f4 Re3 31. Rd1 Be7 32. a4 e5 33. Rd7 exf4 34. Rxa7 Bc5 35. Ra8+ Ke7 36. Ra7+ Ke6 37. Bc4+ Ke5 38. Rxf7 Ke4 39. Bd3+ Ke5 40. Rf5+ Kd6 41. Rxf4 h6 42. gxh6 gxh6 43. Rf6+ Re6 44. Rg6 Ke7 45. Kf3 Kf7 46. Kg4 Rxg6+ 47. hxg6+ Kg7 48. Kf5 Bd4 49. Ke6 h5 50. Kd5 Bc5 51. a5 Bg1 52. a6 b5 53. Bxb5 Kxg6 54. c4 h4 55. c5 h3 56. Bc6 Kf5 57. a7 h2 58. Kc4 Ke5 59. a8=Q Ke6 60. Bd5+ Ke5 61. c6 Kd6 62. Qd8+ Ke5 63. c7 Kf4 64. c8=R Ke5 65. Qe7+ Kf4 66. Rf8+ Kg3 67. Qg5+ Kh3 68. Rh8# 1-0

[Event "IIFL Wealth  4th Mumbai Junior U-13"]
[Site "Mumbai"]
[Date "2019.01.06"]
[Round "8"]
[White "Dhrithi Murgod"]
[Black "Bang Atharva"]
[Result "0-1"]
[ECO "B13"]
[WhiteElo "1177"]
[BlackElo "1582"]
[Annotator "NA RC"]
[PlyCount "122"]
[EventDate "2018.12.30"]
[EventType "swiss"]
[EventCountry "IND"]
[SourceTitle "playchess.com"]
[Source "ChessBase"]
[SourceQuality "1"]
[TimeControl "40/5400+30:1800+30"]

1. e4 c6 2. d4 d5 3. exd5 cxd5 4. Bd3 Nc6 5. c3 Qc7 6. h3 Nf6 7. Nf3 g6 8. O-O Bg7 9. Be3 O-O 10. Qc2 Bd7 11. Nbd2 Rfc8 12. Rac1 a6 13. Nb3 b5 14. Nc5 Na5 15. Ne5 Nc4 16. Bxc4 bxc4 17. Bg5 Bf5 18. Qd2 Ne4 19. Nxe4 Bxe4 20. Bf4 Qb7 21. Ng4 Rc6 22. f3 Bf5 23. Nf2 Rb6 24. Nd1 Bd7 25. Re1 Ba4 26. Rb1 Bxd1 27. Rexd1 a5 28. Re1 a4 29. a3 Rb3 30. Qc2 Ra6 31. Bg5 e6 32. Bd8 Qd7 33. Bh4 Rab6 34. Re2 Bf8 35. Rf1 Rxb2 36. Qxb2 Rxb2 37. Rxb2 Bxa3 38. Ra2 Bd6 39. Bg5 a3 40. Bh6 Qa4 41. Rb1 Qb3 42. Raa1 Qxc3 43. Kh1 f5 44. Rd1 Qb2 45. Rab1 c3 46. Rdc1 c2 47. Ra1 a2 48. Bd2 Ba3 49. Kh2 Qb1 50. Re1 c1=Q 51. Rxc1 Bxc1 52. Bc3 Bb2 53. Bxb2 Qxb2 54. Rh1 a1=Q 55. Rxa1 Qxa1 56. Kg3 Qxd4 57. Kh2 Qf2 58. Kh1 d4 59. Kh2 d3 60. Kh1 d2 61. Kh2 d1=Q 0-1

[Event "IIFL Wealth  4th Mumbai Junior U-13"]
[Site "Mumbai"]
[Date "2019.01.06"]
[Round "8"]
[White "Thatavarthy Siva Suhas"]
[Black "Athalye Varad"]
[Result "1/2-1/2"]
[ECO "A45"]
[WhiteElo "1173"]
[BlackElo "1442"]
[Annotator "NA"]
[PlyCount "113"]
[EventDate "2018.12.30"]
[EventType "swiss"]
[EventCountry "IND"]
[SourceTitle "playchess.com"]
[Source "ChessBase"]
[SourceQuality "1"]
[TimeControl "40/5400+30:1800+30"]

1. d4 Nf6 2. Bf4 d6 3. h3 b6 4. e3 Bb7 5. Nf3 g6 6. c3 Bg7 7. Nbd2 Nbd7 8. Be2 O-O 9. Qc2 c5 10. O-O Re8 11. Rac1 Rc8 12. Qb3 e5 13. dxe5 dxe5 14. Bh2 e4 15. Ne1 Ne5 16. Rd1 Qe7 17. Bxe5 Qxe5 18. Nc4 Qe6 19. Nd6 Bd5 20. Rxd5 Qxd5 21. Qxd5 Nxd5 22. Nxe8 Rxe8 23. Nc2 Kf8 24. Rd1 Nf6 25. Na3 Ke7 26. Nb5 Ra8 27. Kf1 Ne8 28. f3 a6 29. Na3 exf3 30. Bxf3 Rd8 31. Rxd8 Kxd8 32. Ke2 Kc7 33. Kd3 b5 34. Nc2 Nd6 35. g4 f5 36. gxf5 gxf5 37. Ne1 Kd7 38. Bd5 Bf6 39. Ng2 Ne8 40. Nf4 Nc7 41. Bg8 Bg5 42. Bxh7 Bxf4 43. Bxf5+ Kd6 44. exf4 Nd5 45. Ke4 c4 46. Kf3 Nb6 47. Bc2 a5 48. h4 a4 49. h5 Ke6 50. Kg4 Kf6 51. Be4 a3 52. bxa3 Na4 53. h6 Nxc3 54. Bc2 Nd5 55. Kf3 b4 56. a4 Nc3 57. a5 {Ke5 Ke4+} 1/2-1/2

[Event "IIFL Wealth  4th Mumbai Junior U-13"]
[Site "Mumbai"]
[Date "2019.01.06"]
[Round "8"]
[White "Aarna Chugh"]
[Black "Shah Hiya"]
[Result "1-0"]
[ECO "A45"]
[WhiteElo "1164"]
[BlackElo "1039"]
[Annotator "NA RC"]
[PlyCount "74"]
[EventDate "2018.12.30"]
[EventType "swiss"]
[EventCountry "IND"]
[SourceTitle "playchess.com"]
[Source "ChessBase"]
[SourceQuality "1"]
[TimeControl "40/5400+30:1800+30"]

1. d4 Nf6 2. Bf4 e6 3. e3 d5 4. Nf3 Bd6 5. Bg3 c5 6. c3 b6 7. Bd3 Bb7 8. Nbd2 Nc6 9. O-O O-O 10. Qe2 Qc7 11. Rfe1 Rfe8 12. Rad1 Bxg3 13. hxg3 e5 14. dxe5 Nxe5 15. Bb5 Nxf3+ 16. Nxf3 Re7 17. Qd3 c4 18. Qd4 Re4 19. Qd2 a6 20. Ba4 Re7 21. Bc2 Rae8 22. Qd4 Ne4 23. Bxe4 Rxe4 24. Qd2 Rg4 25. Qc2 Re6 26. Qf5 Rgg6 27. Rd4 Rh6 28. Rh4 Ref6 29. Qg4 Rfg6 30. Qd4 Qd7 31. Ne5 Rxh4 32. Qxh4 Qd6 33. Nxg6 hxg6 34. Kh2 b5 35. Rh1 f6 36. Kg1 Kf7 37. Qh8 Qc6 1-0

[Event "IIFL Wealth  4th Mumbai Junior U-13"]
[Site "Mumbai"]
[Date "2019.01.06"]
[Round "8"]
[White "Daware Arth K"]
[Black "Abhinav Dubey"]
[Result "0-1"]
[ECO "A09"]
[WhiteElo "1155"]
[BlackElo "1497"]
[Annotator "NA"]
[PlyCount "74"]
[EventDate "2018.12.30"]
[EventType "swiss"]
[EventCountry "IND"]
[SourceTitle "playchess.com"]
[Source "ChessBase"]
[SourceQuality "1"]
[TimeControl "40/5400+30:1800+30"]

1. Nf3 d5 2. c4 d4 3. d3 c5 4. g3 g6 5. Bg2 Bg7 6. O-O Nc6 7. a3 a5 8. Nbd2 Nf6 9. Re1 O-O 10. Qc2 e5 11. Ng5 Nd7 12. Nde4 h6 13. Nf3 Qc7 14. Ned2 b6 15. Nf1 Bb7 16. e3 f5 17. exd4 cxd4 18. N1d2 Rae8 19. b3 Nc5 20. Rb1 e4 21. dxe4 d3 22. Qd1 fxe4 23. Nh4 Bd4 24. Rf1 Rxf2 25. Kh1 e3 26. Bd5+ Kh7 27. Qg4 Qg7 28. Rxf2 exf2 29. Kg2 Ne5 30. Bxb7 Qxb7+ 31. Ndf3 Nxg4 32. Bd2 Ne4 33. Rd1 Nxd2 34. Rxd2 Re2 35. Rd1 Nxh2 36. Kxh2 f1=Q+ 37. Ng2 Qxg2# 0-1

[Event "IIFL Wealth  4th Mumbai Junior U-13"]
[Site "Mumbai"]
[Date "2019.01.06"]
[Round "8"]
[White "Jain Vihaan"]
[Black "Vihaan Dumir"]
[Result "0-1"]
[ECO "C10"]
[WhiteElo "1149"]
[BlackElo "1013"]
[Annotator "NA"]
[PlyCount "122"]
[EventDate "2018.12.30"]
[EventType "swiss"]
[EventCountry "IND"]
[SourceTitle "playchess.com"]
[Source "ChessBase"]
[SourceQuality "1"]
[TimeControl "40/5400+30:1800+30"]

1. e4 e6 2. d4 d5 3. Nd2 dxe4 4. Nxe4 Bd7 5. Nf3 Bc6 6. Bd3 Nd7 7. O-O Ngf6 8. Nxf6+ Nxf6 9. c3 Bxf3 10. Qxf3 Be7 11. Bf4 O-O 12. Rab1 c6 13. Bc2 Qd5 14. Qd3 Qxa2 15. Bg5 g6 16. h4 Qd5 17. Rfe1 Kg7 18. Re5 Qd8 19. Qf3 Nd7 20. Bxe7 Qxe7 21. Rg5 Kh8 22. Qh3 Rg8 23. Re1 Nf6 24. h5 Nxh5 25. Rxh5 gxh5 26. Qxh5 Rg7 27. f4 Rag8 28. Kh1 Qf6 29. g3 h6 30. Rg1 Qxf4 31. gxf4 Rxg1+ 32. Kh2 R8g2+ 33. Kh3 Rh1+ 34. Kxg2 Rxh5 35. Bd1 Rb5 36. b3 c5 37. Be2 Rxb3 38. dxc5 Rxc3 39. Bh5 Rxc5 40. Bxf7 Rf5 41. Bxe6 Rxf4 42. Bd5 Rb4 43. Kf2 a5 44. Ke2 h5 45. Bf3 h4 46. Kd2 a4 47. Kc2 a3 48. Bd5 h3 49. Kc3 Rh4 50. Bxb7 Ra4 51. Bd5 a2 52. Bxa2 Rxa2 53. Kb3 Rg2 54. Kc3 h2 55. Kd3 h1=Q 56. Ke3 Qh3+ 57. Ke4 Rg4+ 58. Kf5 Qh5+ 59. Kf6 Rg6+ 60. Kf7 Qh7+ 61. Kf8 Rg8# 0-1

[Event "IIFL Wealth  4th Mumbai Junior U-13"]
[Site "Mumbai"]
[Date "2019.01.06"]
[Round "8"]
[White "Iyer Aarav"]
[Black "Swara Lakshmi S Nair"]
[Result "0-1"]
[ECO "B92"]
[WhiteElo "1124"]
[BlackElo "1359"]
[Annotator "NA"]
[PlyCount "108"]
[EventDate "2018.12.30"]
[EventType "swiss"]
[EventCountry "IND"]
[SourceTitle "playchess.com"]
[Source "ChessBase"]
[SourceQuality "1"]
[TimeControl "40/5400+30:1800+30"]

1. e4 c5 2. Nf3 d6 3. d4 cxd4 4. Nxd4 Nf6 5. Nc3 a6 6. Be2 e5 7. Nb3 Be7 8. Be3 Be6 9. Qd2 Nbd7 10. O-O O-O 11. Rad1 Rc8 12. Kh1 Qc7 13. f3 b5 14. a3 Rfd8 15. Bd3 Nb6 16. Qf2 Nfd7 17. f4 exf4 18. Bxf4 Ne5 19. Nd4 Bf6 20. Nde2 Nbc4 21. Bxc4 Nxc4 22. Bc1 Nxa3 23. Nd4 Nc4 24. Nde2 Qb7 25. b3 Nb6 26. Bb2 d5 27. Nxd5 Nxd5 28. exd5 Bxb2 29. dxe6 fxe6 30. Rxd8+ Rxd8 31. Nf4 Rf8 32. Qe2 e5 33. Nd3 Rxf1+ 34. Qxf1 Bd4 35. Qf5 g6 36. Qe6+ Qf7 37. Qxf7+ Kxf7 38. g4 a5 39. Kg2 Ke6 40. Kf3 Kd5 41. Ne1 a4 42. c4+ bxc4 43. bxa4 c3 44. Ke2 Kc4 45. Nf3 Kb4 46. Kd3 Kxa4 47. Ke2 Ka5 48. Kd3 Kb4 49. Kc2 Kc4 50. Nxd4 exd4 51. Kc1 Kb3 52. Kb1 d3 53. Kc1 d2+ 54. Kb1 d1=Q# 0-1

[Event "IIFL Wealth  4th Mumbai Junior U-13"]
[Site "Mumbai"]
[Date "2019.01.06"]
[Round "8"]
[White "Anirudh Satish"]
[Black "Khairmode Aditya"]
[Result "0-1"]
[ECO "C42"]
[WhiteElo "1101"]
[BlackElo "1337"]
[Annotator "NA"]
[PlyCount "68"]
[EventDate "2018.12.30"]
[EventType "swiss"]
[EventCountry "IND"]
[SourceTitle "playchess.com"]
[Source "ChessBase"]
[SourceQuality "1"]
[TimeControl "40/5400+30:1800+30"]

1. e4 e5 2. Nf3 Nf6 3. Nxe5 d6 4. Nf3 Nxe4 5. Bc4 Be7 6. O-O d5 7. Bb3 O-O 8. d3 Nf6 9. Nc3 c6 10. Bf4 Bg4 11. Nb1 Na6 12. d4 Nc7 13. c3 Ne6 14. Bg3 Ng5 15. Nbd2 Nfe4 16. h3 Bh5 17. Bf4 Nxd2 18. Bxd2 Bxf3 19. gxf3 Nxh3+ 20. Kg2 Ng5 21. Rh1 Ne6 22. Bc2 g6 23. Qg1 Bd6 24. Rh3 Bf4 25. Be3 Qf6 26. Bd1 Rae8 27. Qh1 Ng5 28. Rh4 Bxe3 29. fxe3 Rxe3 30. f4 Ne4 31. Rxh7 Rg3+ 32. Kh2 Kxh7 33. Bg4 Qh4+ 34. Bh3 Qxh3# 0-1

[Event "IIFL Wealth  4th Mumbai Junior U-13"]
[Site "Mumbai"]
[Date "2019.01.06"]
[Round "8"]
[White "Vedant Mistry"]
[Black "Sneha Halder"]
[Result "1-0"]
[ECO "D00"]
[WhiteElo "1075"]
[BlackElo "1338"]
[Annotator "NA"]
[PlyCount "31"]
[EventDate "2018.12.30"]
[EventType "swiss"]
[EventCountry "IND"]
[SourceTitle "playchess.com"]
[Source "ChessBase"]
[SourceQuality "1"]
[TimeControl "40/5400+30:1800+30"]

1. d4 d5 2. Bf4 Bf5 3. c4 e6 4. e3 Nf6 5. Nc3 c6 6. Qb3 Qc8 7. Rc1 Nbd7 8. cxd5 exd5 9. Nb5 Kd8 10. Bd6 Nb6 11. Nf3 Ne8 12. Bxf8 Rxf8 13. Qb4 Rg8 14. Ne5 Be6 15. Nxa7 Qc7 16. Naxc6+ 1-0

[Event "IIFL Wealth  4th Mumbai Junior U-13"]
[Site "Mumbai"]
[Date "2019.01.06"]
[Round "8"]
[White "Dabhade Arnav"]
[Black "Gosrani, Naiya"]
[Result "1/2-1/2"]
[ECO "C50"]
[WhiteElo "1064"]
[BlackElo "1235"]
[Annotator "NA"]
[PlyCount "59"]
[EventDate "2018.12.30"]
[EventType "swiss"]
[EventCountry "IND"]
[SourceTitle "playchess.com"]
[Source "ChessBase"]
[SourceQuality "1"]
[TimeControl "40/5400+30:1800+30"]

1. e4 e5 2. Nf3 Nc6 3. Bc4 Bc5 4. Nc3 Nf6 5. d3 d6 6. h3 a6 7. Bg5 Na5 8. Bb3 Nxb3 9. axb3 h6 10. Be3 Ba7 11. O-O Be6 12. Qd2 Qd7 13. Rfd1 O-O 14. d4 exd4 15. Bxd4 Bxd4 16. Nxd4 Rfe8 17. Nxe6 Qxe6 18. Re1 Rad8 19. Rad1 Qd7 20. Kh1 Qc6 21. Qd3 Rd7 22. Re2 Rde7 23. Rde1 Kf8 24. Kg1 Nh5 25. Qf3 Nf6 26. Qd3 Nh5 27. Qf3 Nf6 28. Qd3 Nh5 29. Qf3 Nf6 30. Qd3 1/2-1/2

[Event "IIFL Wealth  4th Mumbai Junior U-13"]
[Site "Mumbai"]
[Date "2019.01.06"]
[Round "8"]
[White "Ambre Ved"]
[Black "Marzouq, Chowdhury"]
[Result "0-1"]
[ECO "B54"]
[WhiteElo "1063"]
[BlackElo "1224"]
[Annotator "NA"]
[PlyCount "102"]
[EventDate "2018.12.30"]
[EventType "swiss"]
[EventCountry "IND"]
[SourceTitle "playchess.com"]
[Source "ChessBase"]
[SourceQuality "1"]
[TimeControl "40/5400+30:1800+30"]

1. e4 c5 2. Nf3 d6 3. d4 cxd4 4. Nxd4 Nf6 5. Bb5+ Bd7 6. Bxd7+ Nbxd7 7. Nc3 e6 8. Be3 a6 9. Qe2 Be7 10. f3 b5 11. a3 Nb6 12. Nc6 Qc7 13. Nxe7 Kxe7 14. Qf2 Nc4 15. b4 Rac8 16. Nd1 h6 17. O-O g5 18. f4 Ng4 19. Qf3 Ngxe3 20. Nxe3 Qa7 21. Rfe1 Nd2 22. Qf2 Rc7 23. Qxd2 gxf4 24. Kh1 fxe3 25. Rxe3 Rhc8 26. Rc1 Rxc2 27. Rxc2 Rxc2 28. Qxc2 Qxe3 29. Qc7+ Kf6 30. h3 Qxe4 31. Qxd6 Qe1+ 32. Kh2 Qe5+ 33. Qxe5+ Kxe5 34. Kg3 Kf5 35. Kf3 h5 36. g3 f6 37. Ke3 Ke5 38. Kd3 Kd5 39. g4 h4 40. Ke3 Ke5 41. Kf3 Kd4 42. Kf4 e5+ 43. Kf3 Kd3 44. Kf2 e4 45. Ke1 Ke3 46. Kf1 Kd2 47. Kf2 e3+ 48. Kf3 e2 49. Kf4 e1=Q 50. Kf5 Qe5+ 51. Kg6 Ke3 0-1

[Event "IIFL Wealth  4th Mumbai Junior U-13"]
[Site "Mumbai"]
[Date "2019.01.06"]
[Round "8"]
[White "Desai Sailee"]
[Black "Bhagyashree G Patil"]
[Result "0-1"]
[ECO "B01"]
[WhiteElo "1042"]
[BlackElo "1215"]
[Annotator "NA RC"]
[PlyCount "78"]
[EventDate "2018.12.30"]
[EventType "swiss"]
[EventCountry "IND"]
[SourceTitle "playchess.com"]
[Source "ChessBase"]
[SourceQuality "1"]
[TimeControl "40/5400+30:1800+30"]

1. e4 d5 2. exd5 Nf6 3. Nc3 Nxd5 4. Nxd5 Qxd5 5. Nf3 Bf5 6. d3 e6 7. Be2 Be7 8. a3 O-O 9. O-O c6 10. Bf4 Qd8 11. h3 h6 12. Re1 Nd7 13. d4 Nf6 14. Bh2 Qb6 15. b4 Rad8 16. Qc1 a6 17. c3 Bd6 18. Bxd6 Rxd6 19. Ne5 Rdd8 20. Qe3 Nd5 21. Qg3 Qc7 22. Qf3 Kh8 23. Bc4 Nf6 24. Re3 Nd7 25. Nxd7 Qxd7 26. Rae1 Qc7 27. Bd3 Bxd3 28. Rxd3 Rfe8 29. Rde3 Rd5 30. Re5 Red8 31. Kh1 R5d6 32. Qg4 Rd5 33. Qf3 Rg8 34. h4 Rxe5 35. Rxe5 Qe7 36. g3 Re8 37. Qe2 Rd8 38. Qe3 Qf6 39. Kg1 Qg6 0-1

[Event "IIFL Wealth  4th Mumbai Junior U-13"]
[Site "Mumbai"]
[Date "2019.01.06"]
[Round "8"]
[White "Borate Tanvi"]
[Black "Anurag Panigrahi"]
[Result "0-1"]
[ECO "B92"]
[WhiteElo "1035"]
[BlackElo "1315"]
[Annotator "NA"]
[PlyCount "90"]
[EventDate "2018.12.30"]
[EventType "swiss"]
[EventCountry "IND"]
[SourceTitle "playchess.com"]
[Source "ChessBase"]
[SourceQuality "1"]
[TimeControl "40/5400+30:1800+30"]

1. e4 c5 2. Nf3 d6 3. d4 cxd4 4. Nxd4 Nf6 5. Nc3 a6 6. Be2 e5 7. Nf3 Be7 8. O-O b5 9. a3 Bb7 10. Qd3 Nbd7 11. Be3 O-O 12. Rad1 Rc8 13. Ng5 h6 14. Nh3 Qc7 15. f4 Nc5 16. Bxc5 dxc5 17. fxe5 Qxe5 18. Rf5 Qd4+ 19. Nf2 Qxd3 20. Bxd3 Rfd8 21. e5 Nh7 22. Nce4 Ng5 23. Nxg5 Bxg5 24. Rf1 g6 25. Rxf7 Kxf7 26. Ne4+ Kg7 27. e6 Bxe4 28. Bxe4 Re8 29. Rf7+ Kg8 30. Bd5 Re7 31. c4 Rxf7 32. exf7+ Kf8 33. Be6 Rc7 34. b3 Rxf7 35. Bxf7 Kxf7 36. Kf2 bxc4 37. bxc4 a5 38. a4 Ke6 39. Ke2 Ke5 40. Kd3 Bc1 41. g3 Kf5 42. h3 h5 43. h4 Kg4 44. Ke4 Kxg3 45. Kd5 Ba3 {[%emt 0:00:04] Kd4} 0-1